 Dungeon Crawl Stone Soup version 0.30-a0-782-ge64f9170bb (webtiles) character file.

Game seed: 7183685100374002236

10 vineage the Trooper (level 2, -3/19 HPs)
             Began as a Gargoyle Fighter on Feb 20, 2023.
             Slain by a gnoll
             ... wielding a +0 club
              (5 damage)
             ... on level 1 of the Dungeon.
             The game lasted 00:00:25 (269 turns).

vineage the Trooper (Gargoyle Fighter)               Turns: 269, Time: 00:00:26

Health: -3/19      AC:  9    Str: 19    XL:     2   Next: 20%
Magic:  2/2        EV:  9    Int:  8    God:
Gold:   17         SH:  4    Dex:  9    Spells: 1/1 levels left

rFire   . . .      SeeInvis .    a - +0 flail
rCold   . . .      Faith    .    c - +0 buckler
rNeg    + . .      Spirit   .    b - +0 scale mail
rPois   ∞          Reflect  .    (no helmet)
rElec   +          Harm     .    (no cloak)
rCorr   .          Rampage  .    (no gloves)
Will    .....                    (no boots) Stlth
                                 (no amulet)
HPRegen 0.23/turn                (no ring)
MPRegen 0.08/turn                (no ring)

@: no status effects
A: sickness immunity, AC +2, negative energy resistance 1, electricity
resistance, torment resistance 1, petrification resistance
a: no special abilities


You were on level 1 of the Dungeon.
You visited 1 branch of the dungeon, and saw 1 of its levels.

You collected 17 gold pieces.

Inventory:

Hand Weapons
 a - a +0 flail (weapon)
Armour
 b - a +0 scale mail (worn)
 c - a +0 buckler (worn)
Scrolls
 f - a scroll of amnesia {unknown}
 g - a scroll of enchant weapon {unknown}
Potions
 d - a potion of might
 e - a potion of magic {unknown}
 h - 2 potions of invisibility {unknown}


   Skills:
 + Level 3.5 Fighting
 * Level 2.6 Maces & Flails
 - Level 3.2 Armour
 - Level 3.2 Shields


You had one spell level left.
You didn't know any spells.
Your spell library was empty.

Dungeon Overview and Level Annotations

Branches:
Dungeon (1/15)

Altars:


Innate Abilities, Weirdness & Mutations

You are immune to sickness and miasma.
Your stone body is resilient. (AC +2)
You are immune to poison.
You resist negative energy. (rN+)
You are resistant to electric shocks. (rElec)
You are resistant to unholy torment.
You are immune to petrification.


Message History

The bat hits you but does no damage. The bat barely misses you.
The bat hits you but does no damage. The gnoll attacks as you move away!
The gnoll closely misses you. The bat barely misses you.
The bat hits you but does no damage. The bat closely misses you.
The bat hits you but does no damage. The bat hits you but does no damage.
You barely miss the bat. The bat hits you but does no damage. x3
You closely miss the bat. The bat hits you but does no damage.
You block the bat's attack.
You miss the bat. The bat hits you. You block the bat's attack.
You thump the bat!
You kill the bat!
The giant cockroach bites you but does no damage.
You closely miss the giant cockroach.
The giant cockroach completely misses you.
The giant cockroach bites you but does no damage.
You barely miss the giant cockroach. The giant cockroach misses you.
You hit the giant cockroach.
You kill the giant cockroach!
The gnoll completely misses you.
You hit the gnoll.
The gnoll is moderately wounded.
The gnoll hits you with a +0 club!
* * * LOW HITPOINT WARNING * * *
You hit the gnoll.
The gnoll is severely wounded.
The gnoll barely misses you.
You hit the gnoll but do no damage.
The gnoll is severely wounded.
You block the gnoll's attack. The gnoll barely misses you.
You barely miss the gnoll.
The gnoll is severely wounded.
The gnoll hits you with a +0 club.
* * * LOW HITPOINT WARNING * * *
You hit the gnoll.
The gnoll is almost dead.
The gnoll hits you with a +0 club.
You die...

.#.....#### #..........#
..........# #..........#
.##.##....## ##..........#
####..## #.......)...#
#####..####...........#
.#...##.................#
.......#.#..#........#####
.........#g########....###
.........#@## ##.#...##
...)........# #.###...
.......#....########.#
####
......#÷..........##.#
#......÷..........##.#
....##...........##.# . .
#............##.#
#.######.##..##.# #.
#..........####


You could see a gnoll.

Vanquished Creatures
  4 ball pythons (D:1)
  2 giant cockroaches (D:1)
  A hobgoblin (D:1)
  A bat (D:1)
  2 rats (D:1)
10 creatures vanquished.

Notes
Turn   | Place    | Note
-------+----------+-------------------------------------------
     0 | D:1      | vineage the Gargoyle Fighter began the quest for the Orb.
     0 | D:1      | Reached XP level 1. HP: 14/14 MP: 1/1
     2 | D:1      | Noticed an ogre
     2 | D:1      | Noticed an armataur
     4 | D:1      | Noticed a felid
     4 | D:1      | Noticed a demonspawn
     6 | D:1      | Noticed a meteoran
     6 | D:1      | Noticed a gargoyle
     8 | D:1      | Noticed a ghoul
     8 | D:1      | Noticed a demigod
    10 | D:1      | Noticed a troll
    12 | D:1      | Noticed a tengu
    12 | D:1      | Noticed a spriggan
    14 | D:1      | Noticed a draconian
    14 | D:1      | Noticed a naga
    16 | D:1      | Noticed a formicid
    16 | D:1      | Noticed a minotaur
    18 | D:1      | Noticed an elf
    20 | D:1      | Noticed a human
    22 | D:1      | Noticed a vine stalker
    22 | D:1      | Noticed a vampire
    24 | D:1      | Noticed a merfolk
    24 | D:1      | Noticed a minotaur
    26 | D:1      | Noticed a formicid
   154 | D:1      | Reached XP level 2. HP: 19/19 MP: 2/2
   269 | D:1      | Slain by a gnoll

Illustrated notes

Levels and vault maps discovered:
D:1:      kb_arrival_jail, layout_rooms

Action                     || total
---------------------------++-------
  Melee: Flail             ||    35
 Armour: Scale mail        ||    28
  Dodge: Dodged            ||    17
  Block: Buckler           ||    10

Table legend: (Time is in decaauts)
 A = Elapsed time spent in this place.
 B = Non-inter-level travel time spent in this place.
 C = Inter-level travel time spent in this place.
 D = Time resting spent in this place.
 E = Time spent auto-exploring this place.
 F = Levels seen in this place.
 G = Mean time per level.
                   A        B        C        D        E       F      G
               +--------+--------+--------+--------+--------+-----+--------+
         Total |    280 |    280 |      0 |      0 |    204 |   1 |  280.0 |
       Dungeon |    280 |    280 |      0 |      0 |    204 |   1 |  280.0 |
               +--------+--------+--------+--------+--------+-----+--------+

Top non-repeatable levels by time:
     D:1: 280 daAuts
